TOP OF THE 1ST |
Colorado Commanders batting - Pitching for Saskatoon Smokin' Guns : RHP Alonso Costello
|
Pitching: RHP Alonso Costello
|
|
Batting: SHB George Adams
|
0-0: Ball 1-0: Ball 2-0: Called Strike 2-1: Ball 3-1: DOUBLE (Flyball, 89M)
|
Batting: SHB Scott Compton
|
0-0: Ball 1-0: Ball 2-0: Ball 3-0: Base on Balls
|
Batting: LHB Rafael Delgado
|
0-0: Ball 1-0: Ball 2-0: Called Strike 2-1: Ball 3-1: Base on Balls George Adams to third Scott Compton to second
|
Batting: RHB Diego Francisco
|
0-0: Ball 1-0: Foul Ball, location: 2F 1-1: Ball 2-1: Ball 3-1: Swinging Strike 3-2: SINGLE (Line Drive, 8LS) George Adams scores Scott Compton to third Rafael Delgado to second
|
Batting: RHB Joe Haley
|
0-0: Called Strike 0-1: Called Strike 0-2: Foul Ball, location: 2F 0-2: Foul Ball, location: 2F 0-2: Ball 1-2: Fly out, F5 (Popup, 15S)
|
Batting: RHB Richard Wilkins
|
0-0: Foul Ball, location: 2F 0-1: Called Strike 0-2: Ball 1-2: Ball 2-2: Foul Ball, location: 2F 2-2: Foul Ball, location: 2F 2-2: Ball 3-2: Fly out, F9 (Line Drive, 9LM) Runner from 3rd tags up, SCORES, throw made
|
Batting: RHB Tim Adkins
|
0-0: Called Strike 0-1: Swinging Strike 0-2: Ball 1-2: Ball 2-2: Foul Ball, location: 2F 2-2: Foul Ball, location: 2F 2-2: Strikes out swinging
|
Top of the 1st over - 2 run(s), 2 hit(s), 0 error(s), 2 left on base; Colorado 2 - Saskatoon 0 |
BOTTOM OF THE 1ST |
Saskatoon Smokin' Guns batting - Pitching for Colorado Commanders : RHP Gerard Allen
|
Pitching: RHP Gerard Allen
|
|
Batting: RHB Chris Richards
|
0-0: Foul Ball, location: 2F 0-1: Fly out, F8 (Flyball, 8RM)
|
Batting: RHB Eric Neal
|
0-0: Ball 1-0: Ball 2-0: Ball 3-0: Called Strike 3-1: Swinging Strike 3-2: Fly out, F9 (Flyball, 89S)
|
Batting: LHB Freddy Herrera
|
0-0: Called Strike 0-1: Called Strike 0-2: Ball 1-2: Ball 2-2: Strikes out swinging
|
Bottom of the 1st over - 0 run(s), 0 hit(s), 0 error(s), 0 left on base; Colorado 2 - Saskatoon 0 |
TOP OF THE 2ND |
Colorado Commanders batting - Pitching for Saskatoon Smokin' Guns : RHP Alonso Costello
|
Batting: LHB John Nicholson
|
0-0: Ball 1-0: Foul Ball, location: 2F 1-1: Ball 2-1: Ball 3-1: Fly out, F6 (Popup, 6)
|
Batting: RHB Richard Pendergast
|
0-0: Ball 1-0: Foul Ball, location: 2F 1-1: SINGLE (Line Drive, 7S)
|
Batting: SHB George Adams
|
0-0: Called Strike 0-1: Called Strike 0-2: Ball 1-2: Strikes out swinging
|
Batting: SHB Scott Compton
|
0-0: Ball 1-0: Called Strike Richard Pendergast is caught stealing 2nd base
|
Top of the 2nd over - 0 run(s), 1 hit(s), 0 error(s), 0 left on base; Colorado 2 - Saskatoon 0 |
BOTTOM OF THE 2ND |
Saskatoon Smokin' Guns batting - Pitching for Colorado Commanders : RHP Gerard Allen
|
Batting: LHB Del Kennedy
|
0-0: Swinging Strike 0-1: Ball 1-1: Ball 2-1: Ball 3-1: Base on Balls
|
Batting: RHB António Yánez
|
0-0: Ball 1-0: Swinging Strike 1-1: Called Strike 1-2: Strikes out looking
|
Batting: RHB Pedro Núñez
|
0-0: Swinging Strike 0-1: Foul Ball, location: 2F 0-2: Ball 1-2: Ball 2-2: Strikes out swinging
|
Batting: RHB Kenny Thompson
|
0-0: Ball 1-0: Ball 2-0: Ball 3-0: Called Strike 3-1: Swinging Strike 3-2: Strikes out looking
|
Bottom of the 2nd over - 0 run(s), 0 hit(s), 0 error(s), 1 left on base; Colorado 2 - Saskatoon 0 |
TOP OF THE 3RD |
Colorado Commanders batting - Pitching for Saskatoon Smokin' Guns : RHP Alonso Costello
|
Batting: SHB Scott Compton
|
0-0: Called Strike 0-1: Ball 1-1: Called Strike 1-2: Strikes out swinging
|
Batting: LHB Rafael Delgado
|
0-0: Ball 1-0: Ball 2-0: Swinging Strike 2-1: Called Strike 2-2: Foul Ball, location: 2F 2-2: Foul Ball, location: 2F 2-2: Strikes out swinging
|
Batting: RHB Diego Francisco
|
0-0: Called Strike 0-1: Called Strike 0-2: Ball 1-2: Strikes out swinging
|
Top of the 3rd over - 0 run(s), 0 hit(s), 0 error(s), 0 left on base; Colorado 2 - Saskatoon 0 |
BOTTOM OF THE 3RD |
Saskatoon Smokin' Guns batting - Pitching for Colorado Commanders : RHP Gerard Allen
|
Batting: RHB Alvin Hampton
|
0-0: Swinging Strike 0-1: Called Strike 0-2: Fly out, F4 (Popup, 4)
|
Batting: RHB Jason O'Toole
|
0-0: Ball 1-0: Fly out, F9 (Flyball, 89M)
|
Batting: RHB Chris Richards
|
0-0: Ball 1-0: Fly out, F8 (Flyball, 8LS)
|
Bottom of the 3rd over - 0 run(s), 0 hit(s), 0 error(s), 0 left on base; Colorado 2 - Saskatoon 0 |
TOP OF THE 4TH |
Colorado Commanders batting - Pitching for Saskatoon Smokin' Guns : RHP Alonso Costello
|
Batting: RHB Joe Haley
|
0-0: DOUBLE (Groundball, 5L)
|
Batting: RHB Richard Wilkins
|
0-0: Ball 1-0: Foul Ball, location: 2F 1-1: Called Strike 1-2: Ball 2-2: Strikes out swinging
|
Batting: RHB Tim Adkins
|
0-0: Ball 1-0: Ball 2-0: Called Strike 2-1: Ball 3-1: Foul Ball, location: 2F 3-2: Strikes out looking
|
Batting: LHB John Nicholson
|
0-0: Ball 1-0: Ball 2-0: Ground out 6-3 (Groundball, 6M)
|
Top of the 4th over - 0 run(s), 1 hit(s), 0 error(s), 1 left on base; Colorado 2 - Saskatoon 0 |
BOTTOM OF THE 4TH |
Saskatoon Smokin' Guns batting - Pitching for Colorado Commanders : RHP Gerard Allen
|
Batting: RHB Eric Neal
|
0-0: Ball 1-0: Ball 2-0: Called Strike 2-1: Foul Ball, location: 2F 2-2: Strikes out swinging
|
Batting: LHB Freddy Herrera
|
0-0: Ball 1-0: DOUBLE (Line Drive, 5D)
|
Batting: LHB Del Kennedy
|
0-0: Called Strike 0-1: SINGLE (Line Drive, 4MD) Freddy Herrera to third
|
Batting: RHB António Yánez
|
0-0: Called Strike 0-1: Fly out, F8 (Line Drive, 8LM) Runner from 3rd tags up, SCORES, throw made
|
Batting: RHB Pedro Núñez
|
0-0: Foul Ball, location: 2F 0-1: Ball 1-1: Ball 2-1: Swinging Strike 2-2: Foul Ball, location: 2F 2-2: Strikes out swinging
|
Bottom of the 4th over - 1 run(s), 2 hit(s), 0 error(s), 1 left on base; Colorado 2 - Saskatoon 1 |
TOP OF THE 5TH |
Colorado Commanders batting - Pitching for Saskatoon Smokin' Guns : RHP Alonso Costello
|
Pitching: LHP Alfonso Quintero
|
|
Batting: RHB Richard Pendergast
|
0-0: Swinging Strike 0-1: Foul Ball, location: 2F 0-2: Strikes out swinging
|
Batting: SHB George Adams
|
0-0: Called Strike 0-1: Called Strike 0-2: Strikes out looking
|
Batting: SHB Scott Compton
|
0-0: Called Strike 0-1: Ball 1-1: Ball 2-1: Ball 3-1: Base on Balls
|
Batting: LHB Rafael Delgado
|
0-0: Swinging Strike 0-1: Ball 1-1: Swinging Strike 1-2: Ball 2-2: Foul Ball, location: 2F 2-2: Foul Ball, location: 2F 2-2: Strikes out swinging
|
Top of the 5th over - 0 run(s), 0 hit(s), 0 error(s), 1 left on base; Colorado 2 - Saskatoon 1 |
BOTTOM OF THE 5TH |
Saskatoon Smokin' Guns batting - Pitching for Colorado Commanders : RHP Gerard Allen
|
Batting: RHB Kenny Thompson
|
0-0: Called Strike 0-1: Fly out, F9 (Flyball, 9M)
|
Batting: RHB Alvin Hampton
|
0-0: Ball 1-0: Ball 2-0: Ball 3-0: Base on Balls
|
Batting: RHB Jason O'Toole
|
0-0: Fielders Choice at 2nd, 6-4 (Groundball, 6)
|
Now at 2B: Emiel van Rhee
|
|
Batting: RHB Chris Richards
|
0-0: Called Strike Jason O'Toole steals 2nd base 0-1: Ball 1-1: Ground out 5-3 (Groundball, 5L)
|
Bottom of the 5th over - 0 run(s), 0 hit(s), 0 error(s), 1 left on base; Colorado 2 - Saskatoon 1 |
TOP OF THE 6TH |
Colorado Commanders batting - Pitching for Saskatoon Smokin' Guns : LHP Alfonso Quintero
|
Batting: RHB Diego Francisco
|
0-0: Swinging Strike 0-1: Ball 1-1: Ball 2-1: Foul Ball, location: 2F 2-2: Strikes out swinging
|
Batting: RHB Joe Haley
|
0-0: Ball 1-0: Fly out, F5 (Popup, 25F)
|
Batting: RHB Richard Wilkins
|
0-0: Called Strike 0-1: Ball 1-1: Swinging Strike 1-2: Ball 2-2: Strikes out swinging
|
Top of the 6th over - 0 run(s), 0 hit(s), 0 error(s), 0 left on base; Colorado 2 - Saskatoon 1 |
BOTTOM OF THE 6TH |
Saskatoon Smokin' Guns batting - Pitching for Colorado Commanders : RHP Gerard Allen
|
Batting: RHB Eric Neal
|
0-0: Foul Ball, location: 2F 0-1: Ball 1-1: Foul Ball, location: 2F 1-2: Ground out 2-3 (Groundball, 2L)
|
Batting: LHB Freddy Herrera
|
0-0: SINGLE (Line Drive, 4MD)
|
Batting: LHB Del Kennedy
|
0-0: Called Strike 0-1: Ball 1-1: Called Strike 1-2: Hit by Pitch Freddy Herrera to second
|
Batting: RHB António Yánez
|
0-0: Called Strike 0-1: Ball 1-1: Ball 2-1: Foul Ball, location: 2F 2-2: SINGLE (Groundball, 5L) Freddy Herrera to third Del Kennedy to second Runner from 3rd tries for Home, SAFE, no throw or cutoff
|
Batting: RHB Pedro Núñez
|
0-0: Ball 1-0: Ball 2-0: Ball 3-0: Called Strike 3-1: Called Strike 3-2: Fly out, F7 (Flyball, 78D)
|
Pitching: RHP Jacob Bryant
|
|
Batting: RHB Kenny Thompson
|
0-0: Called Strike 0-1: Ground out 1-3 (Groundball, 13S)
|
Bottom of the 6th over - 1 run(s), 2 hit(s), 0 error(s), 2 left on base; Colorado 2 - Saskatoon 2 |
TOP OF THE 7TH |
Colorado Commanders batting - Pitching for Saskatoon Smokin' Guns : LHP Alfonso Quintero
|
Pitching: RHP Allen Collins
|
|
Batting: RHB Tim Adkins
|
0-0: Swinging Strike 0-1: Ball 1-1: Ball 2-1: Foul Ball, location: 2F 2-2: Strikes out swinging
|
Batting: LHB John Nicholson
|
0-0: Swinging Strike 0-1: Foul Ball, location: 2F 0-2: Ball 1-2: Ball 2-2: Fly out, F9 (Flyball, 9M)
|
Batting: RHB Richard Pendergast
|
0-0: Ball 1-0: Foul Ball, location: 2F 1-1: Called Strike 1-2: Strikes out looking
|
Top of the 7th over - 0 run(s), 0 hit(s), 0 error(s), 0 left on base; Colorado 2 - Saskatoon 2 |
BOTTOM OF THE 7TH |
Saskatoon Smokin' Guns batting - Pitching for Colorado Commanders : RHP Jacob Bryant
|
Batting: RHB Alvin Hampton
|
0-0: Ball 1-0: Ball 2-0: Foul Ball, location: 2F 2-1: Called Strike 2-2: Foul Ball, location: 2F 2-2: Foul Ball, location: 2F 2-2: Ball 3-2: Base on Balls
|
Pinch Hitting: RHB Steven Jennings
|
0-0: Ball 1-0: Sac Bunt - play at second, runner OUT! 5-6
|
Pinch Hitting: RHB Gary Spencer
|
0-0: Ball 1-0: Fly out, F8 (Flyball, 8LS)
|
Batting: RHB Eric Neal
|
0-0: Called Strike 0-1: Ball 1-1: Swinging Strike 1-2: Ball Steven Jennings is caught stealing 2nd base
|
Bottom of the 7th over - 0 run(s), 0 hit(s), 0 error(s), 0 left on base; Colorado 2 - Saskatoon 2 |
TOP OF THE 8TH |
Colorado Commanders batting - Pitching for Saskatoon Smokin' Guns : RHP Allen Collins
|
Now at 1B: Steven Jennings
|
|
Now in LF: José Suárez
|
|
Batting: RHB Emiel van Rhee
|
0-0: Ball 1-0: Called Strike 1-1: Ball 2-1: Ball 3-1: Fly out, F9 (Flyball, 9S)
|
Batting: SHB Scott Compton
|
0-0: Called Strike 0-1: Ball 1-1: SINGLE (Line Drive, 7S)
|
Batting: LHB Rafael Delgado
|
0-0: Ball 1-0: Ball 2-0: Foul Ball, location: 2F 2-1: Called Strike 2-2: Strikes out swinging
|
Batting: RHB Diego Francisco
|
0-0: DOUBLE (Line Drive, 7LM) Scott Compton to third
|
Batting: RHB Joe Haley
|
0-0: Foul Ball, location: 2F 0-1: Foul Ball, location: 2F 0-2: Strikes out looking
|
Top of the 8th over - 0 run(s), 2 hit(s), 0 error(s), 2 left on base; Colorado 2 - Saskatoon 2 |
BOTTOM OF THE 8TH |
Saskatoon Smokin' Guns batting - Pitching for Colorado Commanders : RHP Jacob Bryant
|
Batting: RHB Eric Neal
|
0-0: Ball 1-0: Called Strike 1-1: Foul Ball, location: 2F 1-2: Ball 2-2: Fly out, F8 (Flyball, 8LS)
|
Batting: LHB Freddy Herrera
|
0-0: Called Strike 0-1: Ball 1-1: SOLO HOME RUN (Flyball, 9D), Distance : 434 ft
|
Batting: LHB Del Kennedy
|
0-0: Fly out, F8 (Line Drive, 8LD)
|
Batting: RHB António Yánez
|
0-0: Fly out, F4 (Popup, 4M)
|
Bottom of the 8th over - 1 run(s), 1 hit(s), 0 error(s), 0 left on base; Colorado 2 - Saskatoon 3 |
TOP OF THE 9TH |
Colorado Commanders batting - Pitching for Saskatoon Smokin' Guns : RHP Allen Collins
|
Pitching: RHP Clayton Hawkins
|
|
Now in CF: Xavier López
|
|
Batting: RHB Richard Wilkins
|
0-0: Ball 1-0: Foul Ball, location: 2F 1-1: Ball 2-1: Ball 3-1: Base on Balls
|
Batting: RHB Tim Adkins
|
0-0: Ball 1-0: Sac Bunt - play at first, batter OUT! 5-4 Richard Wilkins to second
|
Batting: LHB John Nicholson
|
0-0: Called Strike 0-1: Swinging Strike 0-2: Ball 1-2: Ball 2-2: Fly out, F7 (Line Drive, 78M)
|
Batting: RHB Richard Pendergast
|
0-0: Swinging Strike 0-1: Ball 1-1: Swinging Strike 1-2: Strikes out swinging
|
Top of the 9th over - 0 run(s), 0 hit(s), 0 error(s), 1 left on base; Colorado 2 - Saskatoon 3 |
|